 Dungeon Crawl Stone Soup version 0.29-a0-284-gf9362112df (webtiles) character file.

Game seed: 2860332830408743989

3086 spaghetti the Nimble (level 9, -1/74 HPs)
             Began as a Demonspawn Berserker on Mar 21, 2022.
             Was a Priest of Trog.
             Succumbed to a kobold brigand's curare-tipped dart
             ... on level 7 of the Dungeon.
             The game lasted 00:08:45 (6427 turns).

spaghetti the Nimble (Demonspawn Berserker)         Turns: 6427, Time: 00:08:46

Health: -1/74      AC:  2    Str: 22 (25) XL:     9   Next: 59%
Magic:  9/9        EV: 17    Int:  6 (8)  God:    Trog [***...]
Gold:   79         SH:  0    Dex: 19 (22) Spells: 8/8 levels left

rFire   . . .      SeeInvis .   y - +1 rapier "Yriapoec" {elec, Stlth+, short}
rCold   . . .      Faith    .   (no shield)
rNeg    . . .      Spirit   .   b - +0 animal skin
rPois   .          Reflect  .   (no helmet)
rElec   .          Harm     .   (no cloak)
rCorr   .          Rampage  .   (no gloves)
Will    .....      Rage     1%  (boots unavailable)
Stlth   +++.......              (no amulet)
HPRegen 1.02/turn               e - +6 ring of strength
MPRegen 0.22/turn               n - +6 ring of dexterity

@: lethally poisoned (-1 -> -8), slowed, very slow
A: hooves 3, spiny 1, magic regeneration, berserk 1, regeneration 1, wild magic
1
a: Renounce Religion, Berserk, Trog's Hand


You were on level 7 of the Dungeon.
You worshipped Trog.
Trog was most pleased with you.
You visited 1 branch of the dungeon, and saw 7 of its levels.

You collected 313 gold pieces.
You spent 234 gold pieces at shops.


Innate Abilities, Weirdness & Mutations

You have hooves in place of feet.
You are partially covered in sharp spines.
You regenerate magic rapidly.
You tend to lose your temper in combat.
Your natural rate of healing is unusually fast.
Your spells are a little harder to cast, but a little more powerful.


   Skills:
 - Level 8.0 Fighting
 - Level 1.0(2.0) Short Blades
 - Level 2.6(2.8) Long Blades
 - Level 5.0 Throwing
 - Level 1.7 Armour
 + Level 8.4 Dodging
 + Level 3.2 Evocations


You had 8 spell levels left.
You didn't know any spells.
Your spell library contained the following spells:

 Spells                   Type           Power      Damage    Failure   Level
 Sting                    Tmut/Pois      0%         1d3       54%         1
 Poisonous Vapours        Pois/Air       0%         N/A       67%         2
 Sublimation of Blood     Necr           0%         N/A       67%         2
 Wereblood                Tmut           0%         N/A       67%         2
 Olgreb's Toxic Radiance  Pois           0%         N/A       99%         4
 Ozocubu's Refrigeration  Ice            0%         4d5       100%        7
 Summon Hydra             Summ           0%         N/A       100%        7
 Ignition                 Fire           0%         3d3       100%        8

Inventory:

Hand Weapons
 a - a +0 falchion {long}
 j - a +0 flail {mace}
   (You took it off an orc on level 3 of the Dungeon)
 k - a +2 flail of draining {mace}
   (You took it off an orc on level 3 of the Dungeon)
 p - a +1 trident of protection {polearm}
   (You took it off an orc on level 4 of the Dungeon)
 y - the +1 rapier "Yriapoec" (weapon) {elec, Stlth+, short}
   (You bought it in a shop on level 6 of the Dungeon)

   It occasionally discharges a powerful burst of electricity upon striking a
   foe.
   Stlth:     It makes you more stealthy.
Missiles
 c - 10 poisoned darts {throwing}
 i - 121 stones (quivered) {throwing}
 o - 8 boomerangs {throwing}
Armour
 b - a +0 animal skin (worn)
Jewellery
 e - a +6 ring of strength (left hand)
   (You found it on level 3 of the Dungeon)
 f - a ring of magical power
   (You found it on level 3 of the Dungeon)
 n - a +6 ring of dexterity (right hand)
   (You found it on level 4 of the Dungeon)
Wands
 d - a wand of flame (10)
   (You found it on level 5 of the Dungeon)
 g - a wand of polymorph (8)
   (You took it off Ijyb on level 3 of the Dungeon)
 C - a wand of iceblast (6)
   (You found it on level 7 of the Dungeon)
Scrolls
 h - 3 scrolls of fog
 m - a scroll of vulnerability {!r!r}
 s - a scroll of teleportation {@r4}
 v - a scroll of amnesia
 A - a scroll of immolation {!r!r}
Potions
 l - 2 potions of attraction {!q}
 q - 2 potions of degeneration {!q@e2}

Dungeon Overview and Level Annotations

Branches:
Dungeon (7/15)             Temple (0/1) D:6

Altars:

Shops:
D:6 !*(*(

Annotations:
D:4 exclusion: quokka
D:7 Esekla's ghost, novice FoIE

.........# ###..# .....)))##
#...## ......K..# #####.######
.........## #..........#
..........## #..........#
...........## #..........# ##
............# ########.#####.
#.......##.(####### #.# #...
##.....###(.(.K.@>### #.###.##
...##### ###.####...######.....#
...#######....# ###..#.....#.###
...........#########...#####.#
.#..###..............).<.....###
.##..#######..........#####....##
.###.#### #..........# ###.... ##
#....# #..........# #.... ####.#
##..........###########


You could see a kobold brigand (fleeing).


Message History

The curare-tipped dart misses you. 😕 HP[+1]
You throw a stone {throwing}.
The stone {throwing} hits the kobold brigand but does no damage.
The kobold brigand throws a curare-tipped dart.
The curare-tipped dart completely misses you. 😕 HP[+1]
You throw a stone {throwing}.
The stone {throwing} hits the kobold brigand. 😕 HP[+1]
You throw a stone {throwing}.
The stone {throwing} hits the kobold brigand.
The kobold brigand throws a curare-tipped dart.
The curare-tipped dart hits you.
You are poisoned.
You have difficulty breathing.
You feel yourself slow down. 😕 HP[-2]
You take 2 damage, and now have 69/74 hp.
You throw a stone {throwing}.
The stone {throwing} barely misses the kobold brigand.
You feel very sick.
The kobold brigand throws a curare-tipped dart.
The curare-tipped dart hits you.
You are more poisoned.
You have difficulty breathing.
You feel as though you will be slow longer. 😕 HP[-13]
You take 13 damage, and now have 56/74 hp.
You throw a stone {throwing}.
The stone {throwing} barely misses the kobold brigand.
You feel very sick.
The kobold brigand zaps a wand.
You struggle to resist.
The kobold brigand throws a curare-tipped dart.
The curare-tipped dart hits you.
You are more poisoned.
You have difficulty breathing.
You feel as though you will be slow longer. 😮 HP[-9]
You take 9 damage, and now have 47/74 hp.
You are too injured to fight recklessly!
You are too injured to fight recklessly!
You are too injured to fight recklessly!
Unknown command.
Throw: 124 stones {throwing}
Press: ? - help, Q - select action, (/) - cycle Shift-Dir - straight line, f/p - kobold brigand
Aim: a kobold brigand, wielding a +0 dagger, quivering curare-tipped darts and carrying a wand of mindburst (2) (heavily wounded, 61% to hit)
You throw a stone {throwing}.
The stone {throwing} hits the kobold brigand but does no damage.
You feel extremely sick.
The kobold brigand throws a curare-tipped dart.
The curare-tipped dart closely misses you. 😮 HP[-6]
You take 6 damage, and now have 41/74 hp.
Throw: 123 stones {throwing}
Press: ? - help, Q - select action, (/) - cycle Shift-Dir - straight line, f/p - kobold brigand
Aim: a kobold brigand, wielding a +0 dagger, quivering curare-tipped darts and carrying a wand of mindburst (2) (heavily wounded, 61% to hit)
You throw a stone {throwing}.
The stone {throwing} hits the kobold brigand but does no damage.
You feel very sick.
The kobold brigand throws a curare-tipped dart.
The curare-tipped dart hits you.
You are more poisoned.
You have difficulty breathing.
* * * LOW HITPOINT WARNING * * *
You feel as though you will be slow longer. 😨 HP[-10]
You take 10 damage, and now have 31/74 hp.
Throw: 122 stones {throwing}
Press: ? - help, Q - select action, (/) - cycle Shift-Dir - straight line, f/p - kobold brigand
Aim: a kobold brigand, wielding a +0 dagger, quivering curare-tipped darts and carrying a wand of mindburst (2) (heavily wounded, 61% to hit)
You throw a stone {throwing}.
The stone {throwing} closely misses the kobold brigand.
You feel extremely sick.
The kobold brigand zaps a wand.
Your mind is blasted!
* * * LOW HITPOINT WARNING * * *
😱 HP[-24]
You take 24 damage, and now have 7/74 hp.
MASSIVE DAMAGE!! (PAUSE)
Aiming: Iceblast
Press: ? - help, Shift-Dir - straight line, f/p - kobold brigand
Aim: a kobold brigand, wielding a +0 dagger, quivering curare-tipped darts and carrying a wand of mindburst (1) (heavily wounded)
The mass of ice explodes!
The iceblast engulfs the kobold brigand!
* * * LOW HITPOINT WARNING * * *
You feel very sick. 😱 HP[-4]
You take 4 damage, and now have 3/74 hp.
Okay, then.
Okay, then.
You are lethally poisoned (3 -> -5).
You are slowed.
Your movement speed is very slow.
Your attack delay is about 1.6.
Your base attributes are Str 19, Int 8, Dex 16.
Unknown command.
As you read the scroll of fear, it crumbles to dust.
You assume a fearsome visage.
The kobold brigand looks frightened!
You die...

Skill      XL: |  1  2  3  4  5  6  7  8  9 |
---------------+----------------------------+-----
Fighting       | 4 5 7 8 |  8.0
Dodging        | 2 3 6 8 |  8.4
Throwing       | 3 5 |  5.0
Short Blades   | 1 |  1.0
Evocations     | 3 |  3.2
Long Blades    | |  2.6
Armour         | |  1.7

Action                   |  1- 3 |  4- 6 |  7- 9 || total
-------------------------+-------+-------+-------++-------
Melee: Unarmed           |     7 |       |       ||     7
       Falchion          |    16 |       |       ||    16
       Kick              |     5 |    22 |    38 ||    65
       Flail             |     2 |    21 |       ||    23
       Trident           |       |    73 |    77 ||   150
       Rapier            |       |       |    71 ||    71
       Punch             |       |       |     2 ||     2
Throw: Dart              |     4 |    16 |       ||    20
       Stone             |       |    13 |   139 ||   152
Invok: Berserk           |     2 |     4 |     5 ||    11
       Trog's Hand       |       |       |     1 ||     1
Evoke: Wand              |       |       |     1 ||     1
  Use: Scroll            |       |     3 |     5 ||     8
       Potion            |       |       |     8 ||     8
 Stab: Sleeping          |       |     2 |     1 ||     3
Armor: Animal skin       |     5 |    40 |    24 ||    69
Dodge: Dodged            |     7 |    52 |   122 ||   181

Levels and vault maps discovered:
D:1:      dpeg_arrival_three_bigger_balls, layout_basic,
          hellmonk_ecumenical_altar_heavens_door, minmay_close_crescents
D:2:      layout_basic, chequers_serial_rivers_room_a, minmay_crystal_room
D:3:      layout_loops_corners, uniq_ijyb
D:4:      layout_basic, chequers_big_river
D:5:      layout_loops_ring
D:6:      minmay_flawed_box, layout_loops_corners, temple_statues, serial_shops,
          shop_fountains, nicolae_stop_n_shop_1, nicolae_take_the_stairs,
          kennysheep_mini, nicolae_stop_n_shop_2,
          chequers_serial_rivers_small_b, uniq_prince_ribbit1
D:7:      layout_rooms, gammafunk_ghost_nasty_kobolds,
          hangedman_decor_clover_reticule

Notes
Turn   | Place    | Note
-------+----------+-------------------------------------------
     0 | D:1      | spaghetti the Demonspawn Berserker began the quest for the
                  | Orb.
     0 | D:1      | Reached XP level 1. HP: 18/18 MP: 1/1
     0 | D:1      | magus.rc [v1.9.6]
   115 | D:3      | Noticed Ijyb
   123 | D:3      | Killed Ijyb
   124 | D:3      | Reached skill level 4 in Fighting
   124 | D:3      | Gained mutation: You have large cloven feet. [demonic
                  | ancestry]
   124 | D:3      | Reached XP level 2. HP: 25/25 MP: 2/2
   263 | D:3      | Reached XP level 3. HP: 28/30 MP: 3/3
   568 | D:3      | Reached XP level 4. HP: 38/38 MP: 4/4
   716 | D:3      | Reached skill level 5 in Fighting
   898 | D:3      | You add the spells Sting, Poisonous Vapours and Olgreb's
                  | Toxic Radiance to your library.
  1583 | D:4      | Gained mutation: You have hoof-like feet. [demonic
                  | ancestry]
  1583 | D:4      | Reached XP level 5. HP: 46/46 MP: 5/5
  1916 | D:4      | Reached ** piety under Trog
  1917 | D:4      | Reached skill level 6 in Fighting
  2321 | D:5      | Entered Level 5 of the Dungeon
  2322 | D:5      | Noticed a sky beast
  2334 | D:5      | HP: 7/47 [sky beast (5)]
  2335 | D:5      | HP: 3/70 [sky beast (6)]
  2336 | D:5      | Killed a sky beast
  2337 | D:5      | Reached skill level 7 in Fighting
  2337 | D:5      | Reached XP level 6. HP: 3/55 MP: 6/6
  2793 | D:5      | Reached skill level 8 in Fighting
  2885 | D:5      | Reached skill level 2 in Dodging
  2885 | D:5      | Gained mutation: You are partially covered in sharp spines.
                  | [demonic ancestry]
  2885 | D:5      | Reached XP level 7. HP: 49/62 MP: 7/7
  3123 | D:5      | Reached skill level 1 in Throwing
  3142 | D:5      | Reached skill level 2 in Throwing
  3248 | D:5      | Reached skill level 3 in Dodging
  3476 | D:6      | Found Xibb's Distillery.
  3476 | D:6      | Found Bucon's General Store.
  3544 | D:6      | Noticed Prince Ribbit
  3564 | D:6      | Killed Prince Ribbit
  3565 | D:6      | Reached skill level 3 in Throwing
  3921 | D:6      | Gained mutation: You regenerate magic rapidly. [demonic
                  | ancestry]
  3921 | D:6      | Reached XP level 8. HP: 62/68 MP: 8/8
  3923 | D:6      | You add the spells Ozocubu's Refrigeration and Ignition to
                  | your library.
  3974 | D:6      | Reached skill level 4 in Dodging
  3981 | D:6      | HP: 23/102 [steam dragon/ball of steam (19)]
  3982 | D:6      | HP: 9/102 [steam dragon (11)]
  3989 | D:6      | Reached skill level 4 in Throwing
  4449 | D:6      | Reached skill level 5 in Dodging
  4484 | D:6      | Reached skill level 5 in Throwing
  4607 | D:6      | Reached skill level 6 in Dodging
  4864 | D:6      | Found Zink's Assorted Antiques.
  4877 | D:6      | Found Cepheodd's Antique Weapon Shoppe.
  4885 | D:6      | Bought a crystal rapier for 234 gold pieces
  4885 | D:6      | Identified the +1 rapier "Yriapoec" {elec, Stlth+} (You
                  | bought it in a shop on level 6 of the Dungeon)
  5155 | D:6      | Found a staircase to the Ecumenical Temple.
  5196 | D:6      | Reached skill level 1 in Short Blades
  5293 | D:6      | Found Lageqogre's Weapon Shoppe.
  5527 | D:7      | You pick up a book of Blood {forbidden} and begin
                  | reading...
  5527 | D:7      | You add the spells Sublimation of Blood, Wereblood and
                  | Summon Hydra to your library.
  5534 | D:7      | Gained mutation: You have hooves in place of feet. [demonic
                  | ancestry]
  5534 | D:7      | Reached XP level 9. HP: 65/74 MP: 9/9
  5658 | D:7      | Reached skill level 7 in Dodging
  5693 | D:7      | Reached *** piety under Trog
  5847 | D:7      | Found a runed translucent gate.
  5848 | D:7      | Found a runed translucent gate.
  5848 | D:7      | Found a runed translucent gate.
  5848 | D:7      | Noticed Esekla's ghost (novice FoIE)
  6141 | D:7      | Reached skill level 1 in Evocations
  6219 | D:7      | Reached skill level 8 in Dodging
  6326 | D:7      | Reached skill level 2 in Evocations
  6337 | D:7      | Reached skill level 3 in Evocations
  6357 | D:7      | Gained mutation: Your natural rate of healing is unusually
                  | fast. [potion of mutation]
  6357 | D:7      | Gained mutation: You tend to lose your temper in combat.
                  | [potion of mutation]
  6357 | D:7      | Gained mutation: Your spells are a little harder to cast,
                  | but a little more powerful. [potion of mutation]
  6425 | D:7      | HP: 7/74 [disintegration (17)]
  6426 | D:7      | HP: 3/74 [poisoned by a kobold brigand (curare-tipped
                  | dart)]
  6427 | D:7      | Succumbed to a kobold brigand's curare-tipped dart

Vanquished Creatures
  Prince Ribbit (D:6)
  A wyvern (D:7)
  2 steam dragons
  A water moccasin (D:6)
  An ice beast (D:7)
  A sky beast (D:5)
  2 ogres
  7 kobold brigands (D:7)
  2 necrophages (D:5)
  3 bullfrogs
  6 scorpions
  2 howler monkeys
  3 jellies
  2 orc priests
  3 hounds
  A gnoll shaman (D:7)
  Ijyb (D:3)
  2 iguanas (D:6)
  8 orc wizards (D:6)
  15 gnolls
  2 adders (D:4)
  A shadow imp (D:7)
  An ufetubus (D:6)
  A dart slug (D:5)
  17 orcs
  A ball python (D:4)
  4 endoplasms
  A hobgoblin (D:4)
  11 jackals
  A kobold (D:3)
  3 quokkas
  A bat (D:3)
  A frilled lizard (D:3)
  2 goblins (D:4)
  3 rats (D:3)
114 creatures vanquished.

Vanquished Creatures (others)
  2 orc wizards (D:6)
  3 fungi (D:7)
  11 plants
16 creatures vanquished.

Grand Total: 130 creatures vanquished

Table legend:
 A = Non-vault XP
 B = Vault XP
 C = Vault XP percentage of total XP
 D = Non-vault monster count
 E = Vault monster count
 F = Vault count percentage of total count
                 A         B        C        D         E       F
            +---------+---------+-------+---------+---------+-------
      Total |    3098 |    1311 |  29.7 |      97 |      19 |  16.4
            +---------+---------+-------+---------+---------+-------
        D:3 |      76 |      35 |  31.5 |      17 |       1 |   5.6
        D:4 |     243 |       0 |   0.0 |      26 |       0 |   0.0
        D:5 |     750 |       0 |   0.0 |      15 |       0 |   0.0
        D:6 |    1078 |     599 |  35.7 |      24 |      11 |  31.4
        D:7 |     951 |     677 |  41.6 |      15 |       7 |  31.8
            +---------+---------+-------+---------+---------+-------

Illustrated notes

Table legend:
 A = Kills in this place as a percentage of kills in entire the game.
 B = Kills by you in this place as a percentage of kills by you in the entire game.
 C = Kills by friends in this place as a percentage of kills by friends in the entire game.
 D = Other kills in this place as a percentage of other kills in the entire game.
 E = Experience gained in this place as a percentage of experience gained in the entire game.
 F = Experience gained in this place divided by the number of levels of this place that you have seen.
                   A       B       C       D       E      F
               +-------+-------+-------+-------+-------+----------------------
         Total | 100.0 | 100.0 |   N/A | 100.0 | 100.0 | 629.9
       Dungeon | 100.0 | 100.0 |   N/A | 100.0 | 100.0 | 629.9
               +-------+-------+-------+-------+-------+----------------------

Table legend: (Time is in decaauts)
 A = Elapsed time spent in this place.
 B = Non-inter-level travel time spent in this place.
 C = Inter-level travel time spent in this place.
 D = Time resting spent in this place.
 E = Time spent auto-exploring this place.
 F = Levels seen in this place.
 G = Mean time per level.
                   A        B        C        D        E       F      G
               +--------+--------+--------+--------+--------+-----+--------+
         Total |   6564 |   6383 |    181 |   1763 |   3771 |   7 |  937.7 |
       Dungeon |   6564 |   6383 |    181 |   1763 |   3771 |   7 |  937.7 |
               +--------+--------+--------+--------+--------+-----+--------+

Top non-repeatable levels by time:
     D:6: 2085 daAuts
     D:4: 1552 daAuts
     D:3: 1059 daAuts
     D:7: 906 daAuts
     D:5: 897 daAuts
     D:1: 51 daAuts
     D:2: 11 daAuts
